 Dungeon Crawl Stone Soup version 0.24-a0-275-g6f7e2cb (webtiles) character file.

Game seed: 16112573750095415951

670630 Lanoc the Slayer (level 27, -15/264 HPs)
             Began as a White Draconian Gladiator on Apr 28, 2019.
             Was the Champion of Ashenzari.
             Killed from afar by a Killer Klown (25 damage)
             ... with a klown pie
             ... on level 5 of the Realm of Zot.
             The game lasted 04:31:24 (75769 turns).

Lanoc the Slayer (White Draconian Gladiator)       Turns: 75769, Time: 04:31:24

Health: -15/264    AC: 17    Str: 20    XL:     27
Magic:  17/33      EV: 32    Int: 16    God:    Ashenzari [******]
Gold:   5146       SH:  0    Dex: 23    Spells: 8/46 levels left

rFire    + + +     SeeInvis +   Z - +8 storm bow {elec, penet} (curse)
rCold    + + +     Gourm    .   (shield currently unavailable)
rNeg     + . .     Faith    .   (armour unavailable)
rPois    .         Spirit   .   M - +2 hat {Int+3} (curse)
rElec    .         Reflect  .   z - scarf {rC+ rF+} (curse)
rCorr    .         Harm     .   y - +2 pair of gloves {Str+3} (curse)
MR       +++++     Clarity  +   E - +2 pair of boots {run} (curse)
Stlth    ++........             b - amulet of the Four Winds {rN+ MR+++ Clar} (curse)
HPRegen  0.54/turn              K - +4 ring of slaying (curse)
MPRegen  0.23/turn              x - ring of Pioggacu {rF++ rC+ Dex+3} (curse)

@: brilliant, lethally poisoned (-15 -> -16), about to teleport, corroded,
vertigo, hasted, very quick
A: breathe frost, unfitting armour, talons 1, see invisible, clarity, cold
resistance 1, dopey 2, low mp 1, weak 1, wild magic 1, cold-blooded, AC +13
}: 4/15 runes: serpentine, barnacled, slimy, abyssal
a: Breathe Frost, Curse Item, Scrying, Transfer Knowledge, Renounce Religion


You were on level 5 of the Realm of Zot.
You worshipped Ashenzari.
Ashenzari was exalted by your worship.
You were hungry.

You visited 11 branches of the dungeon, and saw 54 of its levels.
You visited the Abyss 4 times.
You visited 1 ziggurat, and saw 7 of its levels.
You also visited: Ossuary and Ice Cave.

You collected 7830 gold pieces.
You spent 2684 gold pieces at shops.

Inventory:

Hand Weapons
 Z - the cursed +8 storm bow (weapon) {elec, penet}
   (You bought it in a shop on level 2 of the Orcish Mines)

   It charges the ammunition it shoots with electricity; occasionally upon a
   hit, such missiles may discharge and cause terrible harm.
   Ammo fired by it will pass through the targets it hits, potentially hitting
   all targets in its path until it reaches maximum range.
   It has a curse placed upon it.
Missiles
 g - 16 throwing nets
 S - 1051 arrows (quivered)
Armour
 y - a cursed +2 pair of gloves of strength (worn)
 z - a cursed scarf of resistance (worn)
 E - a cursed +2 pair of boots of running (worn)
 M - a cursed +2 hat of intelligence (worn)
Jewellery
 b - the cursed amulet of the Four Winds (around neck) {rN+ MR+++ Clar}
   (You found it on level 7 of a ziggurat)

   [amulet of nothing]

   It protects you from negative energy.
   It affects your resistance to hostile enchantments.
   It protects you against confusion.
   It has a curse placed upon it.
 k - an uncursed ring of resist corrosion
 x - the cursed ring of Pioggacu (right hand) {rF++ rC+ Dex+3}
   (You found it on level 2 of the Shoals)

   [ring of protection from cold]

   It affects your dexterity (+3).
   It greatly protects you from fire.
   It protects you from cold.
   It has a curse placed upon it.
 I - the ring "Ziwkiehe" {rPois rC+ Str+5 Int-4 Stlth+}
   (You found it on level 1 of the Vaults)

   [ring of poison resistance]

   It affects your strength (+5).
   It affects your intelligence (-4).
   It protects you from cold.
   It protects you from poison.
   It makes you more stealthy.
 K - a cursed +4 ring of slaying (left hand)
 Q - the ring "Weoghus" {rElec rN+ Str+4 Dex-3 SInv}
   (You found it on level 5 of the Pits of Slime)

   [ring of positive energy]

   It affects your strength (+4).
   It affects your dexterity (-3).
   It insulates you from electricity.
   It protects you from negative energy.
   It lets you see invisible.
Wands
 f - a wand of disintegration (26)
 m - a wand of acid (32)
 r - a wand of digging (10)
 A - a wand of scattershot (14)
 D - a wand of random effects (27)
Scrolls
 a - a scroll of silence
 e - 19 scrolls of remove curse
 j - 11 scrolls of fog
 o - 18 scrolls of teleportation
 v - 4 scrolls of fear
 w - a scroll of enchant weapon
 C - 18 scrolls of amnesia
 H - 2 scrolls of holy word
 L - 6 scrolls of enchant armour
 R - 6 scrolls of immolation
 U - 36 scrolls of identify
 X - a scroll of summoning
Potions
 c - 27 potions of curing
 i - 4 potions of brilliance
 l - 8 potions of mutation
 n - 2 potions of resistance
 p - 3 potions of haste
 q - 6 potions of invisibility
 s - 6 potions of magic
 t - 11 potions of berserk rage
 u - 7 potions of cancellation
 F - 7 potions of lignification
 G - 3 potions of might
 J - 11 potions of agility
Miscellaneous
 h - 3 boxes of beasts
 T - a fan of gales
 V - 5 phantom mirrors
 W - a crystal ball of energy
 Y - 3 sacks of spiders
Comestibles
 d - 82 rations


   Skills:
 + Level 24.9 Fighting
   Level 3.9 Staves
 - Level 14.7(20.0) Bows
 - Level 2.0 Throwing
 + Level 21.8(25.2) Dodging
 - Level 10.0 Spellcasting
 * Level 17.0(20.8) Hexes
 * Level 22.1(25.5) Air Magic


You had 8 spell levels left.
You knew the following spells:

 Your Spells              Type           Power        Failure   Level  Hunger
a - Apportation           Tloc           ####..       2%          1    None
b - Summon Butterflies    Summ           ####....     2%          1    None
c - Summon Lightning Spi  Summ/Air       ######..     1%          4    ###....
d - Airstrike             Air            #######...   1%          4    ###....
e - Tukima's Dance        Hex            #######.     1%          3    None
f - Ensorcelled Hibernat  Hex/Ice        ######       1%          2    None
g - Invisibility          Hex            #######.     1%          6    ######.
h - Tornado               Air            #######...   7%          9    #######
i - Discord               Hex            #######...   3%          8    #######

Your spell library contained the following spells:

 Spells                   Type           Power        Failure   Level  Hunger
 Confusing Touch          Hex            ######       1%          1    None
 Corona                   Hex            #######      1%          1    None
 Shock                    Conj/Air       ####         1%          1    None
 Poisonous Vapours        Pois/Air       ######       1%          2    None
 Slow                     Hex            #######.     1%          2    None
 Swiftness                Chrm/Air       ######..     1%          2    None
 Confuse                  Hex            #######.     1%          3    None
 Dazzling Spray           Conj/Hex       ######       1%          3    None
 Inner Flame              Hex/Fire       ######..     1%          3    None
 Mephitic Cloud           Conj/Pois/Air  ######..     1%          3    None
 Spectral Weapon          Hex/Chrm       ######..     1%          3    None
 Static Discharge         Conj/Air       ######..     1%          3    None
 Summon Guardian Golem    Hex/Summ       ######..     1%          3    None
 Cause Fear               Hex            #######...   1%          4    ###....
 Fulminant Prism          Conj/Hex       ######....   1%          4    ###....
 Leda's Liquefaction      Hex/Erth       ######....   1%          4    ###....
 Lightning Bolt           Conj/Air       ######....   1%          5    #####..
 Metabolic Englaciation   Hex/Ice        ######....   1%          5    #####..
 Silence                  Hex/Air        #######...   1%          5    #####..
 Yara's Violent Unravell  Hex/Tmut       ######....   1%          5    #####..
 Animate Skeleton         Necr           N/A          2%          1    None
 Beastly Appendage        Tmut           ####..       2%          1    None
 Freeze                   Ice            ####         2%          1    None
 Infusion                 Chrm           ####         2%          1    None
 Magic Dart               Conj           ####         2%          1    None
 Pain                     Necr           ####         2%          1    None
 Sandblast                Erth           ####..       2%          1    None
 Sting                    Conj/Pois      ####         2%          1    None
 Summon Small Mammal      Summ           ####         2%          1    None
 Conjure Ball Lightning   Conj/Air       ######....   2%          6    ######.
 Deflect Missiles         Chrm/Air       ######....   2%          6    ######.
 Blink                    Tloc           N/A          3%          2    None
 Call Imp                 Summ           ####....     3%          2    None
 Corpse Rot               Necr           N/A          3%          2    None
 Passwall                 Tmut/Erth      ####....     3%          2    None
 Searing Ray              Conj           ####..       3%          2    None
 Shroud of Golubria       Chrm/Tloc      ####......   3%          2    None
 Song of Slaying          Chrm           ####....     3%          2    None
 Sticks to Snakes         Tmut           ####....     3%          2    None
 Sublimation of Blood     Necr           ####......   3%          2    None
 Throw Frost              Conj/Ice       ####..       3%          2    None
 Call Canine Familiar     Summ           ####....     5%          3    None
 Conjure Flame            Conj/Fire      ####....     5%          3    None
 Gell's Gravitas          Tloc           ####......   5%          3    None
 Ignite Poison            Fire/Tmut/Pois ####....     5%          3    None
 Lesser Beckoning         Tloc           ####......   5%          3    None
 Ozocubu's Armour         Chrm/Ice       ####....     5%          3    None
 Recall                   Summ/Tloc      N/A          5%          3    None
 Regeneration             Chrm/Necr      ####......   5%          3    None
 Spider Form              Tmut/Pois      ####......   5%          3    None
 Stone Arrow              Conj/Erth      ####..       5%          3    None
 Vampiric Draining        Necr           ####......   5%          3    None
 Freezing Cloud           Conj/Ice/Air   ######....   9%          6    ######.
 Animate Dead             Necr           N/A          14%         4    ###....
 Force Lance              Conj/Tloc      ####....     14%         4    ###....
 Ice Form                 Ice/Tmut       ####....     14%         4    ###....
 Iskenderun's Mystic Bla  Conj           ####....     14%         4    ###....
 Olgreb's Toxic Radiance  Pois           ####....     14%         4    ###....
 Petrify                  Tmut/Erth      ####....     14%         4    ###....
 Sticky Flame             Conj/Fire      ####....     14%         4    ###....
 Summon Ice Beast         Ice/Summ       ####....     14%         4    ###....
 Throw Icicle             Conj/Ice       ####....     14%         4    ###....
 Agony                    Necr           ####....     30%         5    #####..
 Alistair's Intoxication  Tmut/Pois      ####....     30%         5    #####..
 Blade Hands              Tmut           ####......   30%         5    #####..
 Bolt of Draining         Conj/Necr      ####......   30%         5    #####..
 Bolt of Magma            Conj/Fire/Erth ####......   30%         5    #####..
 Dispel Undead            Necr           ####....     30%         5    #####..
 Excruciating Wounds      Chrm/Necr      ####......   30%         5    #####..
 Irradiate                Conj/Tmut      ####......   30%         5    #####..
 Iskenderun's Battlesphe  Conj/Chrm      ####....     30%         5    #####..
 Lee's Rapid Deconstruct  Erth           ####......   30%         5    #####..
 Summon Forest            Summ/Tloc      ####......   30%         5    #####..
 Venom Bolt               Conj/Pois      ####......   30%         5    #####..
 Hydra Form               Tmut           ####......   75%         6    ######.
 Iron Shot                Conj/Erth      ####......   75%         6    ######.
 Statue Form              Tmut/Erth      ####.....    75%         6    ######.
 Dragon Form              Tmut           ####......   99%         7    #######
 Orb of Destruction       Conj           ####......   99%         7    #######
 Ring of Flames           Chrm/Fire      ####......   99%         7    #######
 Spellforged Servitor     Conj/Summ      ####......   99%         7    #######
 Summon Hydra             Summ           ####......   99%         7    #######
 Ignition                 Fire           ####......   100%        8    #######


Dungeon Overview and Level Annotations

Branches:
Dungeon (15/15)            Temple (1/1) D:7            Lair (6/6) D:8
 Shoals (4/4) Lair:2        Snake (4/4) Lair:3        Slime (5/5) Lair:5
    Orc (2/2) D:9             Elf (3/3) Orc:2        Vaults (4/5) D:13
  Crypt (0/3) Vaults:3     Depths (5/5) D:15            Zot (5/5) Depths:5

Altars:
Ashenzari
Cheibriados
Dithmenos
Elyvilon
Fedhas
Gozag
Hepliaklqana
Kikubaaqudgha
Makhleb
Nemelex Xobeh
Okawaru
Qazlal
Ru
Sif Muna
Trog
Uskayaw
Vehumet
Wu Jian
Xom
Yredelemnul
Zin
The Shining One
Beogh
Jiyva

Shops:
D:4 (   D:12 !   Orc:2 [%*(   Snake:1 =   Snake:2 }=}   Vaults:1 [*(?[
Vaults:3 %   Vaults:4 *   Depths:5 **(*

Portals:
Hell: Depths:1 Depths:2 Depths:3 Depths:4 Depths:5
Abyss: Depths:4
Pandemonium: Depths:2 Depths:3
Trove: Depths:2 (give 3 potions of resistance)

Annotations:
Elf:1 6 runed translucent doors
Vaults:1 2 runed translucent doors, eyesofgods1's ghost, adept DsMo
Depths:1 1 runed translucent door
Depths:2 trove 2 pots resistance
Depths:5 3 runed translucent doors, Beuf's ghost, veteran MiBe


Innate Abilities, Weirdness & Mutations

You can breathe waves of freezing cold.
You can buffet flying creatures when you breathe cold.
Your icy white scales are hard. (AC +13)
You cannot fit into any form of body armour.
Your flesh is cold resistant. (rC+)
You are cold-blooded and may be slowed by cold attacks.
You have sharp toenails.
You have supernaturally acute eyesight. (SInv)
You possess an exceptional clarity of mind.
You are very dopey. (Int -4)
Your magical capacity is low. (-10% MP)
You are weak. (Str -2)
Your spells are a little harder to cast, but a little more powerful.


Message History

The bolt of lightning misses your moth of wrath.
The bolt of lightning misses the electric golem.
The bolt of lightning hits you!!!
* * * LOW HITPOINT WARNING * * *
The bolt of lightning hits the orb of fire.
The orb of fire completely resists.
Unknown command.
Okay, then.
Unknown command.
Your blink will be uncontrolled - continue anyway?
The Orb prevents control of your translocation!
You blink.
As you read the scroll of blinking, it crumbles to dust.
You feel sick.
Your moth of wrath barely misses the orb of fire.
The red draconian breathes flames at you.
The searing blast misses you.
The Killer Klown throws klown pie at you.
The klown pie hits you!!
Plum!
You feel light-headed.
You die...

,,...▓ ▓.......§.....,,, ,,
,
,,,....▓▓........§§....d,,,,
,,,{ X..▓.^D..^.p.......,,,
,,, * ,,,
XD..y..p.........,, , , *
,,,, ▓.X8.§^..^....L., , , ,
,,, ▓y§..y...q...... ,,, ,,
* ,,,,**▓*..Xd.......... ,,
,, * ** #.D§....§.§..... , ,
, ##.....q@§...... ,, ,,, *
##▓....p^§.....,,,, ,**
▓▓▓▓.....^p§., , ,,**
#▓▓▓▓▓▓▓▓▓▓▓##, , **
###..^^.^... ,, ,,,,
##....##..... , , **
########^..###, ,... , ,,,,
, ..^..^....## ,, , ., , ,,
, ,, .........## *,,,, , ,
,,, ,, ,


You could see an orb of fire, 4 Killer Klowns, an electric golem, a yellow
draconian monk, a white draconian knight (invisible), an ancient lich, a storm
dragon, a red draconian, 2 Orb Guardians, a neutral black draconian (insane), a
friendly storm dragon and 3 friendly moths of wrath.

Vanquished Creatures
  the Royal Jelly (Slime:5)
  An ancient lich (Zot:5)
  3 juggernauts
  A Killer Klown (Zot:4)
  Bai Suzhen (Depths:3)
  Margery (Vaults:2)
  Xtahua (Vaults:2)
  3 caustic shrikes (Depths:3)
  A shard shrike (shapeshifter) (Depths:2)
  7 golden dragons
  Jorgrun (Snake:2)
  8 Orb Guardians (Zot:5)
  13 tentacled monstrosities
  A titan (Depths:2)
  6 quicksilver dragons
  7 liches
  3 deep elf blademasters
  2 Executioners
  27 acid blobs
  3 deep elf master archers
  A sphinx (Vaults:3)
  6 tentacled starspawn
  6 death cobs
  Kirke (Shoals:2)
  13 shadow dragons
  Roxanne (Snake:3)
  11 storm dragons
  Ilsuiw (Shoals:3)
  7 nagarajas (Snake:4)
  3 tengu reavers
  16 azure jellies
  5 draconian monks
  4 fire giants
  7 vault wardens
  4 draconian knights
  An emperor scorpion (shapeshifter) (Depths:3)
  Aizul (Depths:3)
  9 frost giants
  7 deep elf sorcerers
  3 draconian shifters
  2 draconian scorchers
  A balrug (Zig:7)
  Louise (Elf:2)
  The ghost of mhoghedin the Fighter, a journeyman CeGl of Gozag (D:13)
  2 cacodemons
  A draconian stormcaller (Depths:5)
  2 spriggan defenders
  6 deep elf elementalists
  12 draconian annihilators
  A juggernaut zombie (Depths:3)
  A reaper (IceCv)
  7 ironheart preservers
  A war gargoyle (Vaults:4)
  3 entropy weavers
  18 very ugly things
  A vampire knight (Depths:5)
  15 stone giants
  Nessos (D:15)
  9 black draconians
  8 green draconians
  11 deep elf demonologists
  4 purple draconians
  11 deep elf annihilators
  6 spark wasps
  5 yellow draconians
  8 red draconians
  11 white draconians
  6 merfolk javelineers
  The ghost of gruber the Markscentaur, a journeyman CeHu of Okawaru (D:14)
  A blizzard demon (Abyss:1)
  The ghost of Cokum the Unseen, a journeyman FeAr of Ru (Snake:3)
  8 deep elf death magi
  A crystal guardian (Vaults:4)
  5 fire dragons
  6 ettins
  3 jiangshi (Depths:5)
  2 deep elf high priests
  11 vault guards
  12 death oozes
  6 merfolk impalers
  19 yaktaur captains
  14 great orbs of eyes
  Harold (D:10)
  3 rakshasas
  5 spriggan air magi
  13 naga warriors
  7 hydras
  15 ogre magi
  9 ice dragons
  A catoblepas (D:13)
  4 death knights
  7 centaur warriors
  16 anacondas
  A two-headed ogre (shapeshifter) (Depths:2)
  6 merfolk avatars
  25 dancing weapons
  2 satyrs (Shoals:4)
  2 merfolk aquamancers
  2 alligator snapping turtles
  10 deep troll shamans
  50 two-headed ogres
  4 deep troll earth magi
  4 vampire magi
  13 death yaks
  3 orc high priests (Orc:2)
  12 naga sharpshooters
  5 spriggan berserkers
  2 thrashing horrors
  3 tengu warriors
  9 shock serpents
  4 spriggans
  11 hell knights
  Sonja (D:10)
  3 salamander mystics
  A sixfirhy (Abyss:3)
  4 wretched stars
  16 deep elf knights
  A fire crab (shapeshifter) (D:14)
  11 sea snakes
  11 skeletal warriors
  5 iron trolls
  4 flayed ghosts
  A golden dragon zombie (Abyss:3)
  3 unseen horrors
  13 glowing orange brains
  13 deep trolls
  9 naga ritualists
  Pikel (D:6)
  10 deep elf archers
  A phantasmal warrior (Vaults:4)
  6 wizards
  37 harpies
  9 ironbrand convokers
  A lindwurm (shapeshifter) (Depths:2)
  8 necromancers
  6 starcursed masses (Abyss:3)
  5 orc sorcerers
  A tengu skeleton (Vaults:2)
  2 orange crystal statues
  A swamp dragon (shapeshifter) (D:14)
  A wolf spider (Vaults:4)
  3 mana vipers
  14 orc knights
  8 shining eyes
  8 cyclopes
  A fire giant zombie (Zig:5)
  An orb spider (shapeshifter) (Depths:3)
  11 fauns
  51 deep elf magi
  16 manticores
  6 salamanders (shapeshifter)
  45 ugly things
  2 cyclopes (shapeshifter)
  14 moths of wrath
  9 salamanders
  A shadow dragon skeleton (Zig:5)
  A fire giant skeleton (Vaults:2)
  12 large abominations
  3 eyes of devastation
  2 elephants (shapeshifter)
  2 ice statues (IceCv)
  A guardian serpent (shapeshifter) (Depths:2)
  6 merfolk sirens
  31 black mambas
  16 naga magi
  14 guardian serpents
  12 vault sentinels
  Psyche (D:10)
  A black mamba (shapeshifter) (Depths:3)
  A water nymph (shapeshifter) (Vaults:1)
  6 water nymphs
  7 smoke demons
  2 centaur skeletons (D:13)
  A torpor snail (Lair:6)
  A rime drake (Lair:6)
  2 spiny frogs (shapeshifter)
  A redback zombie (D:14)
  23 spiny frogs
  An efreet (D:13)
  5 human zombies
  A storm dragon simulacrum (D:15)
  6 komodo dragons
  A yaktaur zombie (Vaults:3)
  3 kobold demonologists
  A rime drake (shapeshifter) (Vaults:4)
  53 yaktaurs
  8 hellwings
  2 guardian mummies (Depths:2)
  4 demonic crawlers (D:13)
  12 ice devils
  7 ancient zymes
  7 freezing wraiths
  4 tengu conjurers
  3 polar bears
  8 trolls
  3 tyrant leeches (Lair:6)
  20 merfolk
  2 queen bees (shapeshifter)
  9 wind drakes
  A jumping spider (shapeshifter) (Depths:2)
  2 meliai (shapeshifter) (Depths:2)
  5 hornets
  22 blink frogs
  A hornet (shapeshifter) (Depths:2)
  2 polar bears (shapeshifter)
  Prince Ribbit (D:9)
  2 raiju
  A frost giant simulacrum (Vaults:3)
  A blink frog (shapeshifter) (Vaults:3)
  150 slime creatures
  A dream sheep (shapeshifter) (D:15)
  10 dream sheep
  An ice dragon zombie (Abyss:1)
  An ettin zombie (Vaults:3)
  14 hippogriffs
  10 snapping turtles
  2 hippogriffs (shapeshifter)
  Sigmund (D:5)
  A redback (shapeshifter) (Depths:2)
  4 wyverns
  3 redbacks
  2 shadows
  14 water elementals
  2 air elementals
  4 wraiths
  3 spriggans (shapeshifter)
  A tarantella (Vaults:3)
  3 fire bats (Abyss:3)
  3 hogs (shapeshifter)
  2 hogs (Shoals:2)
  2 basilisks (shapeshifter)
  Eustachio (D:4)
  24 yaks
  19 golden eyes
  4 basilisks
  2 fire elementals (Elf:2)
  2 ynoxinuls
  2 hungry ghosts
  A yaktaur simulacrum (Vaults:1)
  Grum (D:9)
  12 small abominations
  A chaos spawn (Abyss:1)
  6 neqoxecs
  Edmund (D:6)
  8 vampire mosquitoes
  47 nagas
  3 wargs
  2 acid dragons
  2 wargs (shapeshifter) (Depths:3)
  A soldier ant (D:13)
  9 water moccasins
  Duvessa (D:6)
  A floating eye (D:13)
  7 porcupines
  A sky beast (shapeshifter) (Depths:2)
  A deep troll skeleton (Vaults:3)
  27 orc warriors
  A black bear (D:7)
  An ettin simulacrum (Vaults:2)
  4 ice beasts
  An ice beast (shapeshifter) (D:14)
  2 sky beasts
  6 eyes of draining
  2 eyes of draining (shapeshifter)
  A slave (D:6)
  An elf zombie (Vaults:2)
  A phantom (D:4)
  23 boggarts
  7 wolves
  29 ogres
  29 centaurs
  13 crocodiles
  A crocodile (shapeshifter) (Elf:1)
  7 big kobolds
  2 bullfrogs (shapeshifter)
  22 bullfrogs
  A wyvern zombie (D:14)
  An earth elemental (Zig:4)
  Dowan (D:6)
  A human skeleton (Vaults:3)
  2 scorpions
  11 killer bees
  3 human simulacra
  A howler monkey (D:9)
  27 wights
  4 electric eels
  6 crimson imps
  6 centaur zombies
  3 quasits
  3 hounds
  5 jellies
  18 orc wizards
  13 orc priests
  A jelly (shapeshifter) (Depths:3)
  Jessica (D:2)
  A bullfrog skeleton (D:4)
  3 iguanas
  Terence (D:3)
  9 worker ants
  2 killer bee zombies
  7 big kobold zombies (Ossuary)
  A hound zombie (D:7)
  A mummy (Ossuary)
  11 adders
  5 shadow imps
  22 white imps
  An ooze (D:1)
  9 ufetubi
  An adder skeleton (D:4)
  A worm (D:5)
  2 dart slugs (D:2)
  7 leopard geckos
  74 orcs
  A spectral bat (Ossuary)
  2 ball pythons
  9 giant cockroaches
  2 goblins (D:1)
  6 hobgoblins
  14 jackals
  5 quokkas
  4 bats
  3 bat simulacra (Ossuary)
  4 frilled lizards
  5 gnoll zombies (Ossuary)
  4 goblin simulacra (Ossuary)
  5 goblin zombies (Ossuary)
  3 hobgoblin zombies (Ossuary)
  33 kobolds
  5 kobold simulacra (Ossuary)
  3 kobold zombies (Ossuary)
  7 orc zombies (Ossuary)
  A quokka zombie (D:6)
  6 rats
  3 rat simulacra (Ossuary)
  3 spectral goblins (Ossuary)
  4 spectral kobolds (Ossuary)
  2 spectral rats (Ossuary)
  2 crawling corpses (Elf:3)
  A fungus (Lair:5)
  3 lurking horrors (Abyss:1)
  4 plants (Lair:2)
  2 starspawn tentacles (Zig:6)
2396 creatures vanquished.

Vanquished Creatures (collateral kills)
  A caustic shrike (Depths:2)
  A yak (shapeshifter) (D:14)
2 creatures vanquished.

Vanquished Creatures (others)
  A deep elf master archer (Zig:4)
  A yaktaur captain (Depths:3)
  A deep troll earth mage (Depths:3)
  3 deep elf knights (Elf:2)
  A deep elf archer (Elf:3)
  A cyclops (Vaults:2)
  A water nymph (Shoals:3)
  A yaktaur (Vaults:3)
  Menkaure (D:6)
  A hell hound (Abyss:3)
  An adder (D:4)
  2 white imps (IceCv)
  2 ufetubi (IceCv)
  3 orcs (D:4)
  A jackal (D:6)
  6 fungi (Lair:6)
  31 plants
  12 starspawn tentacles
  2 withered plants (Snake:3)
72 creatures vanquished.

Grand Total: 2470 creatures vanquished

Notes
Turn   | Place    | Note
-------+----------+-------------------------------------------
     0 | D:1      | Lanoc the Draconian Gladiator began the quest for the Orb.
     0 | D:1      | Reached XP level 1. HP: 17/17 MP: 1/1
   124 | D:1      | Reached XP level 2. HP: 19/25 MP: 2/2
   297 | D:2      | Found a deep blue altar of Sif Muna.
   650 | D:3      | Reached XP level 3. HP: 27/30 MP: 3/3
   960 | D:3      | Noticed Terence
   978 | D:3      | Killed Terence
  1529 | D:4      | Noticed Eustachio
  1557 | D:4      | Gained mutation: You have sharp toenails. [potion of
                  | mutation]
  1557 | D:4      | Gained mutation: You are weak. (Str -2) [potion of
                  | mutation]
  1557 | D:4      | Gained mutation: You have a beak for a mouth. [potion of
                  | mutation]
  1591 | D:4      | Killed Eustachio
  1591 | D:4      | Reached skill level 3 in Fighting
  1591 | D:4      | Reached XP level 4. HP: 20/39 MP: 4/4
  1591 | D:4      | Reached XP level 5. HP: 23/45 MP: 5/5
  1827 | D:4      | Reached skill level 5 in Staves
  1844 | D:4      | Found a sacrificial altar of Ru.
  1859 | D:4      | Reached XP level 6. HP: 41/52 MP: 6/6
  1870 | D:4      | Reached skill level 4 in Fighting
  2163 | D:4      | Found a radiant altar of Vehumet.
  2275 | D:4      | Your scales start taking on an icy white colour.
  2275 | D:4      | Reached XP level 7. HP: 57/60 MP: 7/7
  2275 | D:4      | Gained mutation: Your flesh is cold resistant. (rC+) [White
                  | Draconian growth]
  2290 | D:4      | Found Kesu Fou's Weapon Emporium.
  2447 | D:5      | Entered Level 5 of the Dungeon
  2529 | D:5      | Noticed Sigmund
  2679 | D:5      | Reached skill level 5 in Fighting
  2746 | D:5      | Found a burning altar of Makhleb.
  3018 | D:5      | Noticed a yak
  3018 | D:5      | Noticed a yak
  3018 | D:5      | Noticed a yak
  3038 | D:5      | Killed a yak
  3038 | D:5      | Reached XP level 8. HP: 30/69 MP: 8/8
  3043 | D:5      | Reached skill level 5 in Dodging
  3378 | D:5      | Found a hazy altar of Hepliaklqana.
  3397 | D:5      | Reached skill level 6 in Fighting
  3515 | D:6      | Noticed Pikel
  3535 | D:6      | Killed Pikel
  3815 | D:6      | Found a sparkling altar of Nemelex Xobeh.
  3991 | D:6      | Noticed Dowan
  3991 | D:6      | Noticed Duvessa
  3999 | D:6      | Killed Duvessa
  3999 | D:6      | Reached XP level 9. HP: 62/78 MP: 9/9
  4004 | D:6      | Killed Dowan
  4139 | D:6      | Noticed Edmund
  4149 | D:6      | Killed Edmund
  4149 | D:6      | Reached skill level 7 in Fighting
  4161 | D:6      | Killed Menkaure
  4601 | D:7      | Found a basalt altar of Yredelemnul.
  4663 | D:7      | Found a sand-covered staircase.
  4669 | Ossuary  | Entered an ossuary
  5042 | D:7      | Reached skill level 10 in Staves
  5122 | D:7      | Found a staircase to the Ecumenical Temple.
  5133 | Temple   | Entered the Ecumenical Temple
  5207 | Temple   | Became a worshipper of Ashenzari the Shackled
  5665 | D:8      | Reached skill level 8 in Fighting
  5846 | D:8      | Reached XP level 10. HP: 66/88 MP: 10/10
  6131 | D:8      | Found a staircase to the Lair.
  6824 | D:8      | Found an iron altar of Okawaru.
  6882 | D:8      | Found a bloodstained altar of Trog.
  6910 | D:8      | Found an iron altar of Okawaru.
  7275 | D:9      | Found a hide-covered altar of Uskayaw.
  7288 | D:9      | Reached skill level 9 in Fighting
  7474 | D:9      | Noticed Grum
  7502 | D:9      | Killed Grum
  7797 | D:9      | Found a staircase to the Orcish Mines.
  7803 | D:9      | Reached * piety under Ashenzari
  7831 | D:9      | Paralysed by a hornet for 1 turns
  8293 | D:9      | Noticed Prince Ribbit
  8301 | D:9      | Killed Prince Ribbit
  8301 | D:9      | Reached XP level 11. HP: 97/97 MP: 11/11
  8534 | D:9      | Identified a scroll of acquirement
  8568 | D:10     | Entered Level 10 of the Dungeon
  8571 | D:10     | Noticed Harold
  9136 | D:10     | Killed Harold
  9547 | D:10     | Reached skill level 10 in Fighting
  9595 | D:10     | Noticed Psyche
  9601 | D:10     | Noticed a two-headed ogre
  9608 | D:10     | Killed a two-headed ogre
  9609 | D:10     | Killed Psyche
  9731 | D:10     | Noticed Sonja
  9740 | D:10     | Killed Sonja
 10146 | D:11     | Noticed a centaur warrior
 10333 | D:11     | Noticed a sixfirhy
 10777 | D:11     | Killed a centaur warrior
 10795 | D:11     | Identified the Disquisition on Mutagenic Lightness
 11023 | D:11     | Killed an unseen horror
 11420 | D:11     | Reached XP level 12. HP: 108/108 MP: 12/12
 11422 | D:11     | Noticed a centaur warrior
 11431 | D:11     | Killed a centaur warrior
 11431 | D:11     | Reached skill level 11 in Fighting
 11757 | D:11     | Reached ** piety under Ashenzari
 11809 | D:11     | Reached skill level 10 in Dodging
 12694 | D:11     | Reached skill level 12 in Fighting
 12862 | D:12     | Found Fiyckerr's Distillery.
 12889 | D:12     | Bought a potion of heal wounds for 60 gold pieces
 12889 | D:12     | Bought a potion of heal wounds for 60 gold pieces
 12889 | D:12     | Bought a potion of heal wounds for 60 gold pieces
 12889 | D:12     | Bought a potion of cancellation for 96 gold pieces
 12889 | D:12     | Bought a potion of curing for 36 gold pieces
 13068 | D:12     | Noticed a two-headed ogre
 13076 | D:12     | Killed a two-headed ogre
 13864 | D:13     | Noticed a tengu warrior
 13883 | D:13     | Killed a tengu warrior
 13927 | D:13     | Found a runed translucent gate.
 13927 | D:13     | Found a runed translucent gate.
 14037 | D:13     | Found a runed translucent gate.
 14039 | D:13     | Noticed mhoghedin's ghost (journeyman CeGl)
 14074 | D:13     | Noticed a centaur warrior
 14074 | D:13     | Noticed a centaur warrior
 14095 | D:13     | Reached skill level 13 in Fighting
 14102 | D:13     | Killed a centaur warrior
 14112 | D:13     | Killed a centaur warrior
 14112 | D:13     | Reached XP level 13. HP: 36/122 MP: 13/13
 14838 | D:13     | Found a gate to the Vaults.
 14860 | D:13     | Reached skill level 14 in Fighting
 15377 | D:13     | Identified the Catalogue of the Mountains and the Volcanoes
 15469 | D:14     | Found a runed translucent gate.
 15469 | D:14     | Found a runed translucent gate.
 15480 | D:14     | Found a runed translucent gate.
 15485 | D:14     | Noticed a white very ugly thing
 15489 | D:14     | Noticed a red very ugly thing
 15541 | D:14     | Reached *** piety under Ashenzari
 15968 | D:14     | Reached skill level 15 in Fighting
 16133 | D:14     | Learned a level 1 spell: Apportation
 16135 | D:14     | Learned a level 1 spell: Summon Butterflies
 16319 | D:15     | Entered Level 15 of the Dungeon
 16320 | D:15     | Reached XP level 14. HP: 135/135 MP: 14/14
 16944 | D:15     | Found a staircase to the Depths.
 16975 | D:15     | Noticed Nessos
 16991 | D:15     | Killed Nessos
 17160 | D:15     | Noticed an emperor scorpion
 17165 | D:15     | Noticed a storm dragon
 17165 | D:15     | an emperor scorpion changed into a storm dragon
 17804 | Lair:1   | Entered Level 1 of the Lair of Beasts
 17854 | Lair:1   | Reached **** piety under Ashenzari
 18724 | Lair:2   | Found a staircase to the Shoals.
 18940 | Lair:2   | Reached ***** piety under Ashenzari
 19530 | Lair:2   | Reached skill level 16 in Fighting
 19746 | Lair:3   | Found a staircase to the Snake Pit.
 21626 | Lair:5   | Found a staircase to the Slime Pits.
 21626 | Lair:5   | Found a viscous altar of Jiyva.
 22131 | Lair:6   | Entered Level 6 of the Lair of Beasts
 22433 | Lair:6   | Reached ****** piety under Ashenzari
 22479 | Lair:6   | Reached skill level 17 in Fighting
 22479 | Lair:6   | Reached XP level 15. HP: 96/147 MP: 15/15
 22751 | Lair:6   | Reached skill level 15 in Dodging
 23755 | Orc:1    | Entered Level 1 of the Orcish Mines
 23804 | Orc:2    | Entered Level 2 of the Orcish Mines
 23817 | Orc:2    | Found a frozen archway.
 23865 | IceCv    | Entered an ice cave
 24249 | Orc:2    | Found a staircase to the Elven Halls.
 24322 | Orc:2    | Found Laclih's Antique Armour Emporium.
 24389 | Orc:2    | Reached skill level 18 in Fighting
 24414 | Orc:2    | Found Biykhanlu's Assorted Antiques.
 24685 | Orc:2    | Found a roughly hewn altar of Beogh.
 24978 | Orc:2    | Found Gummaaga's Food Emporium.
 25061 | Orc:2    | Found Yruciff's Antique Weapon Boutique.
 25261 | Orc:2    | Bought the +8 storm bow {elec, penet} for 1804 gold pieces
 25261 | Orc:2    | Found the +8 storm bow {elec, penet}
 25478 | D:5      | Killed Sigmund
 26206 | D:2      | Found a snail-covered altar of Cheibriados.
 26362 | D:2      | Noticed Jessica
 26368 | D:2      | Killed Jessica
 26801 | D:2      | Found an ornate altar of the Wu Jian Council.
 27851 | D:13     | Reached skill level 1 in Bows
 27870 | D:13     | Killed mhoghedin's ghost
 28052 | D:14     | Reached skill level 5 in Bows
 28107 | D:14     | Found a runed translucent gate.
 28107 | D:14     | Found a runed translucent gate.
 28113 | D:14     | Noticed gruber's ghost (journeyman CeHu)
 28114 | D:14     | Found a runed translucent gate.
 28127 | D:14     | Gained mutation: You passively map a small area around you.
                  | [a neqoxec]
 28134 | D:14     | Reached XP level 16. HP: 118/159 MP: 16/16
 28135 | D:14     | Killed gruber's ghost
 28220 | D:14     | Gained mutation: You occasionally shout uncontrollably at
                  | your foes. [mutagenic glow]
 28255 | D:14     | Identified a +2 pair of boots of running (You found it on
                  | level 14 of the Dungeon)
 28273 | D:14     | Gained mutation: You tend to lose your temper in combat.
                  | [mutagenic glow]
 28355 | D:13     | Gained mutation: You are dopey. (Int -2) [mutagenic glow]
 28499 | Shoals:1 | Entered Level 1 of the Shoals
 28683 | Shoals:1 | Reduced skill Staves to level 10
 28719 | Shoals:1 | Lost mutation: You are dopey. (Int -2) [potion of mutation]
 28719 | Shoals:1 | Lost mutation: You have sharp toenails. [potion of
                  | mutation]
 28719 | Shoals:1 | Lost mutation: You occasionally shout uncontrollably at
                  | your foes. [potion of mutation]
 28719 | Shoals:1 | Gained mutation: You expend magic power (3 MP) to
                  | strengthen your wands. [potion of mutation]
 28719 | Shoals:1 | Lost mutation: You are weak. (Str -2) [potion of mutation]
 28719 | Shoals:1 | Gained mutation: You are robust. (+10% HP) [potion of
                  | mutation]
 28720 | Shoals:1 | Lost mutation: You expend magic power (3 MP) to strengthen
                  | your wands. [potion of mutation]
 28720 | Shoals:1 | Lost mutation: You are robust. (+10% HP) [potion of
                  | mutation]
 28720 | Shoals:1 | Lost mutation: You have a beak for a mouth. [potion of
                  | mutation]
 28720 | Shoals:1 | Gained mutation: You are weak. (Str -2) [potion of
                  | mutation]
 28720 | Shoals:1 | Gained mutation: You have large cloven feet. [potion of
                  | mutation]
 28720 | Shoals:1 | Gained mutation: Your system is resistant to poisons.
                  | (rPois) [potion of mutation]
 28721 | Shoals:1 | Lost mutation: You have large cloven feet. [potion of
                  | mutation]
 28721 | Shoals:1 | Lost mutation: You tend to lose your temper in combat.
                  | [potion of mutation]
 28721 | Shoals:1 | Lost mutation: You passively map a small area around you.
                  | [potion of mutation]
 28721 | Shoals:1 | Lost mutation: Your system is resistant to poisons. (rPois)
                  | [potion of mutation]
 28721 | Shoals:1 | Gained mutation: You have supernaturally acute eyesight.
                  | (SInv) [potion of mutation]
 28721 | Shoals:1 | Gained mutation: You have sharp toenails. [potion of
                  | mutation]
 29310 | Shoals:2 | Reached skill level 10 in Bows
 29317 | Shoals:2 | Identified the ring of Pioggacu {rF++ rC+ Dex+3}
 29555 | Shoals:2 | Noticed Kirke
 29563 | Shoals:2 | Noticed a sphinx
 29563 | Shoals:2 | Killed Kirke
 29838 | Shoals:2 | Reached skill level 19 in Fighting
 29995 | Shoals:3 | Cast into level 2 of the Abyss (merfolk impaler)
 30025 | Abyss:2  | Noticed a tentacled starspawn
 30030 | Abyss:2  | Killed a tentacled starspawn
 30062 | Shoals:3 | Escaped the Abyss
 30549 | Shoals:3 | Noticed Ilsuiw
 30566 | Shoals:3 | Killed Ilsuiw
 31000 | Shoals:4 | Entered Level 4 of the Shoals
 31582 | Shoals:4 | Reached XP level 17. HP: 168/168 MP: 17/17
 32225 | Shoals:4 | Got a barnacled rune of Zot
 32976 | Shoals:4 | Found a bloodstained altar of Trog.
 33093 | Shoals:4 | Reduced skill Staves to level 5
 33414 | Lair:2   | Learned a level 4 spell: Summon Lightning Spire
 33634 | Vaults:1 | Entered Level 1 of the Vaults
 33634 | Vaults:1 | Found Juddirche's Antique Armour Shoppe.
 33634 | Vaults:1 | Found Hexirog's Magic Scroll Shoppe.
 33650 | Vaults:1 | Bought a scroll of remove curse for 45 gold pieces
 33650 | Vaults:1 | Bought a scroll of teleportation for 45 gold pieces
 33650 | Vaults:1 | Bought a scroll of remove curse for 45 gold pieces
 33650 | Vaults:1 | Bought a scroll of remove curse for 45 gold pieces
 33652 | Vaults:1 | Noticed a tentacled monstrosity
 33659 | Vaults:1 | Killed a tentacled monstrosity
 33659 | Vaults:1 | Reached skill level 1 in Air Magic
 34011 | Vaults:1 | Identified the ring "Ziwkiehe" {rPois rC+ Str+5 Int-4
                  | Stlth+}
 34012 | Vaults:1 | Reached skill level 20 in Fighting
 34012 | Vaults:1 | Reached skill level 1 in Spellcasting
 34573 | Vaults:1 | Found a large runed translucent door.
 34573 | Vaults:1 | Found a large runed translucent door.
 34574 | Vaults:1 | Noticed eyesofgods1's ghost (adept DsMo)
 34818 | Vaults:1 | Found Katzam's General Store.
 34960 | Vaults:1 | Found Owyiw's Antique Weapon Shoppe.
 34977 | Vaults:1 | Found Raucvaen's Armour Emporium.
 35368 | Vaults:2 | Noticed Margery
 35375 | Vaults:2 | Killed Margery
 35375 | Vaults:2 | Reached skill level 5 in Air Magic
 35438 | Vaults:2 | Reached XP level 18. HP: 178/178 MP: 22/22
 35474 | Vaults:2 | Noticed Xtahua
 35480 | Vaults:2 | Paralysed by Xtahua for 4 turns
 35521 | Vaults:2 | Learned a level 4 spell: Airstrike
 35994 | Vaults:2 | Killed Xtahua
 36952 | Vaults:3 | Reached skill level 5 in Spellcasting
 37254 | Vaults:3 | Found Gusakic's Food Shoppe.
 37472 | Vaults:3 | Paralysed by a sphinx for 3 turns
 37488 | Vaults:3 | Reached XP level 19. HP: 176/187 MP: 27/27
 37619 | Vaults:3 | Found a staircase to the Crypt.
 37830 | Vaults:3 | Found a radiant altar of Vehumet.
 38177 | Vaults:3 | Reached skill level 10 in Air Magic
 38946 | Vaults:4 | Found Xeerab's General Store.
 39098 | Vaults:4 | Reached skill level 21 in Fighting
 41066 | Snake:1  | Entered Level 1 of the Snake Pit
 41144 | Snake:1  | Found Habluu's Jewellery Shoppe.
 42406 | Snake:2  | Reached XP level 20. HP: 198/198 MP: 31/31
 42562 | Snake:2  | Found Akosh's Gadget Shop.
 42562 | Snake:2  | Found Voymaw's Jewellery Shoppe.
 42563 | Snake:2  | Found Ulisyfel's Gadget Shop.
 42729 | Snake:3  | Noticed Jorgrun
 42749 | Snake:2  | Killed Jorgrun
 42883 | Snake:3  | Found a runed translucent door.
 42894 | Snake:3  | Noticed Cokum's ghost (journeyman FeAr)
 43261 | Snake:3  | Found a runed translucent door.
 43381 | Snake:3  | Killed Cokum's ghost
 43564 | Snake:3  | Identified Roxanne's Tome of Shape Shifting
 43564 | Snake:3  | Noticed Roxanne
 43583 | Snake:3  | Killed Roxanne
 43860 | Snake:4  | Entered Level 4 of the Snake Pit
 45788 | Snake:4  | Got a serpentine rune of Zot
 46130 | Elf:1    | Entered Level 1 of the Elven Halls
 46645 | Elf:1    | Noticed Louise
 46649 | Elf:1    | Cast into level 3 of the Abyss (Louise)
 46957 | Elf:1    | Escaped the Abyss
 47150 | Elf:1    | Reached XP level 21. HP: 193/206 MP: 34/34
 47188 | Elf:1    | Found a runed translucent gate.
 47188 | Elf:1    | Found a runed translucent gate.
 47188 | Elf:1    | Found a runed translucent gate.
 47188 | Elf:1    | Found a runed translucent gate.
 47188 | Elf:1    | Found a runed translucent gate.
 47192 | Elf:1    | Found a runed translucent gate.
 47588 | Elf:2    | Reached skill level 22 in Fighting
 47807 | Elf:2    | Found a runed translucent gate.
 47807 | Elf:2    | Found a runed translucent gate.
 47818 | Elf:2    | Found a runed translucent gate.
 47887 | Elf:2    | Learned a level 3 spell: Tukima's Dance
 48107 | Elf:2    | Reached skill level 10 in Spellcasting
 48209 | Elf:2    | Reached skill level 1 in Hexes
 48224 | Elf:2    | Killed Louise
 48676 | Elf:3    | Entered Level 3 of the Elven Halls
 48686 | Elf:3    | Reached skill level 15 in Air Magic
 49512 | Elf:3    | Reached skill level 5 in Hexes
 49922 | Elf:3    | Identified the +1 short sword "Yniy" {venom, rPois Dex+3}
 49923 | Elf:3    | Identified the amulet of Besaetz {+Rage rF+ MR+}
 50051 | Elf:3    | Identified the +6 hand axe of Wadur {antimagic, Dex+4}
 50051 | Elf:3    | Identified the ring of Wis Xydgh {rC+ Int+2 Dex+3}
 50055 | Elf:3    | Found the +7 sceptre of Torment {pain, torment}
 50086 | Elf:3    | Identified the Incunabulum of Lethal Toxins
 50645 | Depths:1 | Entered Level 1 of the Depths
 50646 | Depths:1 | Found a runed translucent door.
 50670 | Depths:1 | Paralysed by a great orb of eyes for 7 turns
 50746 | Depths:1 | Identified the Papyrus of Companions and Flight
 50910 | Depths:1 | Reached XP level 22. HP: 216/216 MP: 36/36
 51178 | Depths:1 | Found a gateway to Hell.
 51851 | Depths:2 | Noticed a juggernaut
 51867 | Depths:2 | Killed a juggernaut
 52435 | Depths:2 | Found a one-way gate leading to the halls of Pandemonium.
 52523 | Depths:2 | Identified the cursed +1 falchion of Cruel Justice {freeze,
                  | MR+ Int+2}
 53044 | Depths:2 | Noticed a shard shrike
 53044 | Depths:2 | a titan changed into a shard shrike
 53048 | Depths:2 | Killed a shard shrike
 53085 | Depths:2 | Found a portal to a secret trove of treasure.
 53244 | Depths:3 | Noticed Bai Suzhen
 53291 | Depths:3 | Killed Bai Suzhen
 53987 | Depths:3 | Found a gateway to a ziggurat.
 54389 | Depths:2 | Learned a level 2 spell: Ensorcelled Hibernation
 54396 | Depths:2 | Learned a level 6 spell: Invisibility
 54673 | Depths:3 | Noticed a caustic shrike
 54689 | Depths:3 | Killed a caustic shrike
 54709 | Depths:3 | Noticed a caustic shrike
 54726 | Depths:3 | HP: 6/217 [caustic shrike (26)]
 54726 | Depths:3 | HP: 1/217 [acid (5)]
 55591 | Slime:1  | Entered Level 1 of the Pits of Slime
 55827 | Slime:2  | Reached XP level 23. HP: 225/225 MP: 37/37
 57328 | Slime:3  | Gained mutation: You are dopey. (Int -2) [a shining eye]
 57337 | Slime:3  | Gained mutation: Your magical capacity is low. (-10% MP) [a
                  | shining eye]
 57345 | Slime:3  | Gained mutation: You are very weak. (Str -4) [a shining
                  | eye]
 57686 | Slime:3  | Reached skill level 10 in Hexes
 57804 | Slime:3  | Lost mutation: You are dopey. (Int -2) [potion of mutation]
 57804 | Slime:3  | Lost mutation: You are very weak. (Str -4) [potion of
                  | mutation]
 57804 | Slime:3  | Lost mutation: You are weak. (Str -2) [potion of mutation]
 57804 | Slime:3  | Gained mutation: You are weak. (Str -2) [potion of
                  | mutation]
 57804 | Slime:3  | Gained mutation: Your spells are a little harder to cast,
                  | but a little more powerful. [potion of mutation]
 57804 | Slime:3  | Gained mutation: You possess an exceptional clarity of
                  | mind. [potion of mutation]
 58303 | Slime:3  | Reached skill level 23 in Fighting
 58650 | Slime:4  | Found a viscous altar of Jiyva.
 59457 | Slime:5  | Entered Level 5 of the Pits of Slime
 59587 | Slime:5  | Noticed the Royal Jelly
 59625 | Slime:5  | Killed the Royal Jelly
 59950 | Slime:5  | Identified the ring of Fuiv {*Tele rPois MR+}
 59950 | Slime:5  | Identified the +2 pair of boots "Dyfahoj" {*Contam rPois
                  | rCorr Dex+4}
 59966 | Slime:5  | Got a slimy rune of Zot
 59968 | Slime:5  | Identified the ring "Weoghus" {rElec rN+ Str+4 Dex-3 SInv}
 59970 | Slime:5  | Identified the cursed +3 great mace of the Candle {protect,
                  | rC+}
 59970 | Slime:5  | Identified the +0 helmet "Coorph" {*Corrode MR++ Regen+
                  | Stlth+}
 60004 | Slime:5  | Identified the Incunabulum of the Creative Snowflakes
 61132 | Depths:2 | Killed a caustic shrike
 61613 | Depths:3 | Noticed a caustic shrike
 61618 | Depths:3 | Killed a caustic shrike
 61683 | Depths:3 | Reached XP level 24. HP: 202/235 MP: 33/33
 61697 | Depths:3 | Noticed Aizul
 61714 | Depths:3 | Killed Aizul
 62240 | Depths:3 | Identified the amulet "Otuh" {Acrobat Str+4}
 62274 | Depths:3 | Identified the amulet of Autumn {Spirit rN+ Dex+3}
 62333 | Depths:3 | Noticed a juggernaut
 62348 | Depths:3 | Noticed a juggernaut
 62363 | Depths:3 | Killed a juggernaut
 62366 | Depths:3 | Killed a juggernaut
 63495 | Depths:4 | Found a deep blue altar of Sif Muna.
 63507 | Depths:4 | Found a transporter.
 63819 | Depths:4 | Identified the +7 broad axe "Babb" {chop, *Corrode rF+ rC+}
 63884 | Depths:4 | Found a one-way gate to the infinite horrors of the Abyss.
 64176 | Depths:4 | Found a transporter.
 64290 | Depths:4 | Learned a level 9 spell: Tornado
 64291 | Depths:5 | Entered Level 5 of the Depths
 64658 | Depths:5 | Found a gate to the Realm of Zot.
 65787 | Depths:5 | Reached XP level 25. HP: 244/244 MP: 33/33
 65827 | Depths:5 | Found Holis's Antique Weapon Shoppe.
 65827 | Depths:5 | Found Usosux's Assorted Antiques.
 65829 | Depths:5 | Found Hegyakos's General Store.
 65833 | Depths:5 | Bought a potion of mutation for 208 gold pieces
 65833 | Depths:5 | Found Tivelat's General Store.
 65853 | Depths:5 | Bought a potion of heal wounds for 180 gold pieces
 66037 | Depths:5 | Found a runed translucent gate.
 66037 | Depths:5 | Found a runed translucent gate.
 66037 | Depths:5 | Found a runed translucent gate.
 66278 | Depths:5 | Noticed Beuf's ghost (veteran MiBe)
 66279 | Depths:5 | Identified the ring of the Jester {Fire rPois Str+4 Int-5}
 66528 | Depths:5 | Learned a level 8 spell: Discord
 66563 | Depths:4 | Voluntarily entered the Abyss.
 67174 | Abyss:1  | Found a corrupted altar of Lugonu.
 67376 | Depths:4 | Escaped the Abyss
 67657 | Depths:4 | Voluntarily entered the Abyss.
 67704 | Abyss:1  | Found a corrupted altar of Lugonu.
 67735 | Abyss:1  | Identified the cursed ring "Jiolic" {EV+1 Int+4} (You
                  | acquired it on level 1 of the Abyss)
 68036 | Abyss:3  | Found a hide-covered altar of Uskayaw.
 68067 | Abyss:3  | Reached skill level 24 in Fighting
 68090 | Abyss:3  | Got an abyssal rune of Zot
 68181 | Depths:4 | Escaped the Abyss
 68374 | Zig:1    | Entered Level 1 of a ziggurat
 68403 | Zig:2    | Entered Level 2 of a ziggurat
 68406 | Zig:2    | Identified the cursed +0 battleaxe of the Shrike {chop,
                  | rPois MP+9 Str+2}
 68477 | Zig:3    | Entered Level 3 of a ziggurat
 68520 | Zig:4    | Entered Level 4 of a ziggurat
 68523 | Zig:4    | Identified the +7 flail "Laivvo" {elec, rF+ Dex+4}
 68715 | Zig:5    | Entered Level 5 of a ziggurat
 68720 | Zig:5    | Identified the +11 long sword of Niqaedd {drain, MR+}
 68734 | Zig:5    | Identified the +0 glaive "Egyat" {drain, rC- Int+5 Dex+2}
 68784 | Zig:6    | Entered Level 6 of a ziggurat
 68801 | Zig:6    | Identified the ring "Omiu" {Wiz *Corrode Str+4}
 68847 | Zig:6    | Identified the Grimoire of the Volcanoes and Enchantment
 68869 | Zig:6    | Reached XP level 26. HP: 253/253 MP: 33/33
 68876 | Zig:7    | Entered Level 7 of a ziggurat
 68890 | Zig:7    | Found the amulet of the Four Winds {rN+ MR+++ Clar}
 68891 | Zig:7    | Noticed Ciypsia the pandemonium lord
 68907 | Zig:7    | HP: 10/254 [???[a gelid corrupter] (7)]
 69459 | Zot:1    | Entered Level 1 of the Realm of Zot
 69896 | Zot:1    | Reached skill level 15 in Hexes
 70297 | Zot:1    | Identified the +1 short sword of the Magi {freeze, *Corrode
                  | rC++ Int+6}
 71519 | Zot:2    | Reached XP level 27. HP: 264/264 MP: 33/33
 74374 | Zot:5    | Entered Level 5 of the Realm of Zot
 75694 | Zot:5    | Noticed an ancient lich
 75711 | Zot:5    | Killed an ancient lich
 75758 | Zot:5    | Noticed an ancient lich
 75758 | Zot:5    | Noticed an orb of fire
 75759 | Zot:5    | Gained mutation: You are dopey. (Int -2) [an orb of fire]
 75767 | Zot:5    | Gained mutation: You are very dopey. (Int -4) [the power of
                  | Zot]
 75768 | Zot:5    | HP: 10/264 [storm dragon/bolt of lightning (49)]
 75769 | Zot:5    | Killed from afar by a Killer Klown

Levels and vault maps discovered:
D:1:      minmay_arrival_arboretum_small, layout_loops_corners,
          hangedman_decor_growths, minmay_misc_feat_more_columns
D:2:      layout_basic, cheibriados_altar_1, led_sif_pool,
          nicolae_overflow_hidden_temple, minmay_octomino_c4, uniq_jessica
D:3:      cheibrodos_old_hovel, layout_basic, minmay_door_square, uniq_terence
D:4:      layout_loops_ring, fiery_altar_vehumet, nicolae_ru_awakened_eye,
          serial_shops, kennysheep_little_box, uniq_eustachio
D:5:      layout_loops_corners, lemuel_crystal_altar, kennysheep_mini,
          first_ration, serial_bayou_pond_a, uniq_sigmund
D:6:      layout_loops_ring, lemuel_coloured_pillars_altar, uniq_menkaure,
          uniq_duvessa, uniq_pikel, uniq_edmund
D:7:      layout_loops_cross, kennysheep_mini_moat,
          minmay_temple_entry_large_hall, nicolae_ossuary_entry_plus
D:8:      layout_basic, overflow_temple_1_default, okawaru_gym_becter,
          minmay_lair_entry_grove, basic_altar
D:9:      layout_loops_cross, eat_drink_and_be_merry_uskayaw, orc_0_dummy,
          uniq_prince_ribbit1, uniq_grum
D:10:     layout_rooms, uniq_harold, uniq_sonja, uniq_psyche
D:11:     minmay_ambush_box, layout_long_grid, blue_anna_alchemist
          [blue_anna_fruit_fields, blue_anna_fruit_fields]
D:12:     layout_layer_cave, serial_shops, nicolae_shop_stone
D:13:     cheibrodos_hippocracy, layout_rooms, erik_vaults_2,
          gammafunk_ghost_split, kb_tengu_band
D:14:     layout_basic, ploomutoo_gammafunk_ghost_potion_laboratory
D:15:     gammafunk_enter_depths_forms, layout_long_grid, chequers_arboretum,
          uniq_nessos
Temple:   jpeg_temple_alley_garden
Lair:1:   layout_big_grid, nicolae_lair_grove_arrangements, grunt_megastairs_1,
          infiniplex_staircase_pool
Lair:2:   layout_small_grid, minmay_shoals_entry_centaurs
Lair:3:   layout_small_grid, guppyfry_snake_entry_garden, grunt_megastairs_3
Lair:4:   layout_cave_pods
Lair:5:   layout_regular_city, slime_altar_1, beast_lair_carwin_9
Lair:6:   minmay_lair_end_frog_pond, layout_small_grid
Shoals:1: layout_shoals
Shoals:2: layout_shoals, uniq_kirke
Shoals:3: layout_shoals, uniq_ilsuiw
Shoals:4: shoals_end_hangedman, layout_shoals, lemuel_centaur_altar
Snake:1:  layout_misc_corridors, serial_shops, shop, serial_bayou_pond_c
Snake:2:  layout_honeycomb, minmay_shop_grove, serial_bayou_shore_b
Snake:3:  layout_cave_town, gammafunk_ghost_grave, nicolae_snake_linked_coils,
          lightli_airlock, lemuel_fruit_tree, uniq_jorgrun, uniq_roxanne
Snake:4:  grunt_snake_rune_serpentine_throne, layout_cave_town,
          serial_bayou_shore_b
Slime:1:  cheibrodos_slime_lost_civilization_10, layout_caves,
          cheibrodos_slime_lost_civilization_4
Slime:2:  layout_caves
Slime:3:  cheibrodos_slime_lost_civilization_9, layout_caves
Slime:4:  layout_caves, basic_altar
Slime:5
Orc:1:    layout_diamond_mine, uniq_erica, uniq_fannar
Orc:2:    st_orc_elflike, layout_caves, portal_ice_cave_entry_imps,
          nicolae_orc_flooded_monolith, minmay_orc_temple_a
Elf:1:    eino_elf_arrival_sip, layout_loops_corners, orc_legates,
          nicolae_elf_v_pinch, uniq_louise
Elf:2:    layout_rooms
Elf:3:    elf_hall, layout_loops_corners
Vaults:1: ebering_vaults_ghost_disaster_area, nicolae_vaults_triangles,
          hangedman_vaults_trim, hangedman_vaults_slice, v_rooms_5,
          ontoclasm_vaults_hangar, vaults_room_glass_cross, grunt_vaults_focal,
          nicolae_vaults_big_ls, ontoclasm_vaults_idyll, hangedman_vaults_slice,
          layout_vaults_ring, serial_shops, nicolae_shop_window_shopping, shop,
          shop_statue, nicolae_shop_statue_plus, shop_fountains
Vaults:2: hangedman_vaults_slither, vaults_room_hallway, ontoclasm_vaults_twist,
          v_pattern_5, ontoclasm_vaults_shuriken, nicolae_vaults_angled_halls,
          hangedman_vaults_impose, vaults_dpeg_diagonal,
          ontoclasm_vaults_decontamination, ontoclasm_vaults_gateway,
          layout_vaults_chaotic_city, uniq_xtahua, uniq_margery
Vaults:3: vaults_mumra_chevron, grunt_tower_of_power, hangedman_vaults_corner,
          blue_anna_dwarven_crypt, ontoclasm_vaults_ligature,
          vaults_room_corners, vaults_mumra_hex, v_alt_pattern_4, v_rooms_6,
          v_misc_27, vaults_room_fours, layout_vaults_omnibox, serial_shops,
          nicolae_shop_stone
Vaults:4: hangedman_vaults_cutoff, v_misc_2, st_hourglassy,
          nicolae_vaults_shelves_hall, hangedman_vaults_stream,
          nicolae_vaults_rhombus_7, hangedman_vaults_snaps, vaults_room_fours,
          hangedman_vaults_trim, vaults_room_hallway, layout_vaults_omnicross,
          serial_shops, shop
Depths:1: layout_cave_shapes, pf_hell_entry_tar_spiral, columned_hall_lemuel,
          minivault_16, drop_trap, roderic_lattice_a, minmay_acid_items
Depths:2: vault_1, layout_basic, nicolae_trove_entry_path_of_doom,
          pf_hell_entry_great_geh, pan_entry, st_stairs_3
Depths:3: hangedman_pleasuredromes, hell_entry, serial_shops, pan_entry,
          uniq_aizul, uniq_bai_suzhen
Depths:4: gammafunk_sealed_library, layout_gridlike, abyss_entry, serial_rivers,
          chequers_serial_rivers_small_b, chequers_serial_rivers_micro_d,
          chequers_serial_rivers_small_3, chequers_serial_rivers_room_b,
          hell_entry, firewood_loft, minmay_staircase_windowed_large
Depths:5: grunt_zot_entry_funnels, layout_basic, gammafunk_ghost_icy,
          pf_coc_iceberg, chequers_decorated_corner, grunt_ministairs_2,
          item_on_display_a, minmay_shoptagon
Zot:1:    layout_basic
Zot:2:    layout_concentric_octagons
Zot:3:    layout_onion
Zot:4:    layout_basic
Zot:5:    layout_cathedral_of_symmetry

Skill      XL: |  1  2  3  4  5  6  7  8  9 10 11 12 13 14 15 16 17 18 19 20 21 22 23 24 25 26 27 |
---------------+----------------------------------------------------------------------------------+-----
Throwing       | 2 |  2.0
Dodging        | 3 4 6 7 8 9 11 13 14 16 17 18 19 20 21 | 21.8
Fighting       | 3 4 5 6 8 9 10 13 15 17 18 19 20 21 22 23 24 | 24.9
Staves         | 4 5 6 7 8 10 12 13 11 10 3 |  3.9
Bows           | 7 11 14 | 14.7
Air Magic      | 5 9 12 14 15 17 18 19 20 21 22 | 22.1
Spellcasting   | 3 5 7 9 10 | 10.0
Hexes          | 5 9 11 13 14 15 17 | 17.0

Action                   |  1- 3 |  4- 6 |  7- 9 | 10-12 | 13-15 | 16-18 | 19-21 | 22-24 | 25-27 || total
-------------------------+-------+-------+-------+-------+-------+-------+-------+-------+-------++-------
Melee: Quarterstaff      |    99 |    37 |   272 |   242 |       |       |       |       |       ||   650
       Tailslap          |    11 |     7 |    39 |    86 |   127 |       |       |       |       ||   270
       Kick              |     2 |     6 |    94 |   116 |       |       |       |       |       ||   218
       Peck              |     2 |     7 |    52 |   128 |   217 |       |       |       |       ||   406
       Lajatang          |       |       |       |   366 |   968 |       |       |       |       ||  1334
       Unarmed           |       |       |       |       |       |     2 |       |       |       ||     2
 Fire: Longbow           |       |       |       |       |    53 |  1150 |  1477 |  1750 |  1165 ||  5595
Throw: Throwing net      |     5 |       |       |     4 |       |       |       |       |       ||     9
 Cast: Apportation       |       |       |       |       |       |       |       |       |     1 ||     1
       Tornado           |       |       |       |       |       |       |       |       |     1 ||     1
       Discord           |       |       |       |       |       |       |       |       |     1 ||     1
Invok: Curse Item        |       |       |     2 |       |     2 |     6 |     2 |     1 |     3 ||    16
       Transfer Knowledg |       |       |       |       |     1 |     2 |       |       |       ||     3
 Abil: Breathe Frost     |       |       |     7 |    20 |    12 |     8 |       |     2 |       ||    49
Evoke: Wand              |       |       |       |     1 |     4 |     1 |       |     1 |     2 ||     9
  Use: Potion            |     4 |       |     1 |     5 |     5 |     6 |     3 |     4 |    13 ||    41
       Scroll            |       |     1 |    11 |     8 |    22 |     4 |     5 |    11 |    11 ||    73
 Stab: Sleeping          |       |       |     9 |     3 |    14 |       |       |       |       ||    26
       Held in net/web   |       |       |       |     3 |       |       |       |       |       ||     3
       Paralysed         |       |       |       |     1 |     2 |       |       |       |       ||     3
  Eat: Ration            |     1 |       |     2 |       |     3 |     4 |     3 |     8 |     5 ||    26
       Chunk             |       |       |     8 |    32 |    36 |    14 |    27 |    15 |    11 ||   143
Armor: Skin              |    63 |     5 |    39 |    92 |   173 |    44 |    35 |   119 |   102 ||   672
Dodge: Dodged            |    85 |    22 |   149 |   543 |   808 |   484 |   329 |   697 |   593 ||  3710
Block: Other             |       |       |       |       |       |    63 |    43 |    85 |    30 ||   221
       Reflection        |       |       |       |       |       |    14 |    11 |     5 |     2 ||    32

Table legend:
 A = Non-vault XP
 B = Vault XP
 C = Vault XP percentage of total XP
 D = Non-vault monster count
 E = Vault monster count
 F = Vault count percentage of total count
                 A         B        C        D         E       F
            +---------+---------+-------+---------+---------+-------
      Total |  882991 |  599311 |  40.4 |    1513 |     860 |  36.2
            +---------+---------+-------+---------+---------+-------
        D:1 |      46 |       0 |   0.0 |      24 |       0 |   0.0
        D:2 |      25 |      47 |  65.3 |       5 |       7 |  58.3
        D:3 |      18 |      49 |  73.1 |      11 |       2 |  15.4
        D:4 |     534 |     197 |  26.9 |      17 |       1 |   5.6
        D:5 |    1137 |     231 |  16.9 |      21 |       1 |   4.5
        D:6 |     226 |    1120 |  83.2 |       5 |       4 |  44.4
        D:7 |    1325 |     426 |  24.3 |      20 |       2 |   9.1
        D:8 |    1377 |    1295 |  48.5 |      33 |      10 |  23.3
        D:9 |    3083 |     934 |  23.3 |      46 |       6 |  11.5
       D:10 |    2001 |    3719 |  65.0 |      21 |       8 |  27.6
       D:11 |   10373 |    1627 |  13.6 |      55 |       4 |   6.8
       D:12 |    4211 |    3018 |  41.7 |      17 |       3 |  15.0
       D:13 |    7621 |   16556 |  68.5 |      28 |      32 |  53.3
       D:14 |    6697 |   11668 |  63.5 |      25 |      19 |  43.2
       D:15 |    5406 |    5989 |  52.6 |      20 |      11 |  35.5
     Lair:1 |    1718 |     479 |  21.8 |       8 |       4 |  33.3
     Lair:2 |    4087 |    1243 |  23.3 |      10 |       8 |  44.4
     Lair:3 |    1939 |     359 |  15.6 |      10 |       2 |  16.7
     Lair:4 |    4217 |       0 |   0.0 |       9 |       0 |   0.0
     Lair:5 |    6000 |    5089 |  45.9 |      18 |       9 |  33.3
     Lair:6 |   14019 |   11457 |  45.0 |      37 |      44 |  54.3
   Shoals:1 |   10941 |       0 |   0.0 |      22 |       0 |   0.0
   Shoals:2 |   11287 |    2508 |  18.2 |      22 |       3 |  12.0
   Shoals:3 |   13254 |    6686 |  33.5 |      26 |       8 |  23.5
   Shoals:4 |   23378 |   17567 |  42.9 |      46 |      32 |  41.0
    Snake:1 |    8233 |       0 |   0.0 |      18 |       0 |   0.0
    Snake:2 |   16471 |    3132 |  16.0 |      32 |       1 |   3.0
    Snake:3 |   15929 |    8122 |  33.8 |      28 |      13 |  31.7
    Snake:4 |   18503 |   41561 |  69.2 |      32 |      64 |  66.7
    Slime:1 |   19790 |       0 |   0.0 |      31 |       0 |   0.0
    Slime:2 |   12741 |       0 |   0.0 |      18 |       0 |   0.0
    Slime:3 |   23946 |       0 |   0.0 |      45 |       0 |   0.0
    Slime:4 |   20897 |       0 |   0.0 |      43 |       0 |   0.0
    Slime:5 |   18006 |   32875 |  64.6 |      30 |      15 |  33.3
      Orc:1 |      52 |       0 |   0.0 |       5 |       0 |   0.0
      Orc:2 |    2831 |    8682 |  75.4 |      16 |      44 |  73.3
      Elf:1 |   11793 |   11704 |  49.8 |      18 |      29 |  61.7
      Elf:2 |   18796 |   23467 |  55.5 |      29 |      29 |  50.0
      Elf:3 |   15524 |   45693 |  74.6 |      24 |      31 |  56.4
   Vaults:1 |    7085 |   23623 |  76.9 |      12 |      53 |  81.5
   Vaults:2 |   34489 |   26519 |  43.5 |      62 |      20 |  24.4
   Vaults:3 |   42090 |   25834 |  38.0 |      71 |      53 |  42.7
   Vaults:4 |   27707 |   21330 |  43.5 |      46 |      26 |  36.1
   Depths:1 |   24749 |     617 |   2.4 |      37 |       1 |   2.6
   Depths:2 |   26935 |   47851 |  64.0 |      39 |      44 |  53.0
   Depths:3 |    4774 |  107165 |  95.7 |      10 |      82 |  89.1
   Depths:4 |   57431 |    8284 |  12.6 |      57 |      10 |  14.9
   Depths:5 |   32546 |   25290 |  43.7 |      27 |      21 |  43.8
      Zot:1 |   49624 |       0 |   0.0 |      31 |       0 |   0.0
      Zot:2 |   62168 |       0 |   0.0 |      35 |       0 |   0.0
      Zot:3 |   37563 |       0 |   0.0 |      17 |       0 |   0.0
      Zot:4 |   34870 |       0 |   0.0 |      21 |       0 |   0.0
      Zot:5 |   37743 |   29767 |  44.1 |      21 |       9 |  30.0
    Abyss:1 |   18641 |    2210 |  10.6 |      36 |       2 |   5.3
    Abyss:2 |    2819 |       0 |   0.0 |       3 |       0 |   0.0
    Abyss:3 |   17623 |    7751 |  30.5 |      30 |       9 |  23.1
      Zig:1 |     766 |       0 |   0.0 |       2 |       0 |   0.0
      Zig:2 |    3229 |       0 |   0.0 |       3 |       0 |   0.0
      Zig:3 |    2377 |       0 |   0.0 |       3 |       0 |   0.0
      Zig:4 |    6998 |       0 |   0.0 |       5 |       0 |   0.0
      Zig:5 |    2564 |       0 |   0.0 |       7 |       0 |   0.0
      Zig:6 |    5648 |       0 |   0.0 |      10 |       0 |   0.0
      Zig:7 |    4120 |       0 |   0.0 |       3 |       0 |   0.0
    Ossuary |       0 |     256 | 100.0 |       0 |      56 | 100.0
      IceCv |       0 |    5314 | 100.0 |       0 |      28 | 100.0
            +---------+---------+-------+---------+---------+-------
